 Dungeon Crawl Stone Soup version 0.25-a0-614-g73ad250637 (webtiles) character file.

Game seed: 15544979429344644634, levelgen mode: deterministic

102 kae the Insei (level 4, -3/37 HPs)
             Began as a Demonspawn Monk on Mar 17, 2020.
             Was a Believer of Wu Jian.
             Slain by an orc
             ... wielding a +0 dagger
              (5 damage)
             ... on level 2 of the Dungeon.
             The game lasted 00:01:30 (2201 turns).

kae the Insei (Demonspawn Monk)                     Turns: 2201, Time: 00:01:30

Health: -3/37      AC:  2    Str: 12    XL:     4   Next: 49%
Magic:  4/4        EV: 13    Int: 12    God:    Wu Jian [**....]
Gold:   89         SH:  0    Dex: 15    Spells: 3/3 levels left

rFire    . . .     SeeInvis .     - Unarmed
rCold    . . .     Gourm    .   (no shield)
rNeg     . . .     Faith    .   a - +0 robe
rPois    .         Spirit   .   (no helmet)
rElec    .         Reflect  .   (no cloak)
rCorr    .         Harm     .   (no gloves)
MR       .....                  (no boots)
Stlth    ++........             (no amulet)
HPRegen  0.12/turn              (no ring)
MPRegen  0.09/turn              (no ring)

@: flying
A: hooves 2
a: Wall Jump, Renounce Religion


You were on level 2 of the Dungeon.
You worshipped Wu Jian.
Wu Jian was pleased with you.
You were very hungry.

You visited 1 branch of the dungeon, and saw 3 of its levels.

You collected 89 gold pieces.

Inventory:

Armour
 a - a +0 robe (worn)
Potions
 f - a potion of haste {unknown}
 i - a potion of lignification {unknown}
Comestibles
 b - 4 rations


   Skills:
 + Level 3.9 Fighting
 - Level 2.6 Dodging
 - Level 1.7 Stealth
 * Level 4.2 Unarmed Combat


You had 3 spell levels left.
You didn't know any spells.
Your spell library was empty.

Dungeon Overview and Level Annotations

Branches:
Dungeon (3/15)

Altars:
Cheibriados
Wu Jian


Innate Abilities, Weirdness & Mutations

You have hoof-like feet.


Message History

The orc wizard casts a spell at you. You resist with some effort.
The orc hits you but does no damage.
You closely miss the orc wizard.
The orc wizard is almost dead.
The orc wizard casts a spell at you. The puff of flame hits you!
* * * LOW HITPOINT WARNING * * *
The orc barely misses you.
You miss the orc wizard.
The orc wizard is almost dead.
The orc wizard hits you with a +0 dagger.
* * * LOW HITPOINT WARNING * * *
The orc hits you with a +0 dagger.
* * * LOW HITPOINT WARNING * * *
You hit the orc wizard.
You kick the orc wizard, but do no damage.
The orc wizard is almost dead.
The orc wizard hits you but does no damage.
The orc hits you with a +0 dagger.
You die...

###...######.#####......# ###.#
#.....# #.####.# ###########.#
#.....# #.####.# ###........##.#
#.....# #.#.....
#..........##.####.....# #.#.##.#
#.###.###........#.....# #.#.##.#
#.# #.# #..##.##.####### #...>..#
#.###'###..##.##o###########.####
#...'_###..#..##@#.......# #.#
#.###'###..#.###o#.#####)# #.#
#.# #.# #.......o#.#...#.###.#
#.###.###............#.......#
#..........#.##.##.#...#.#####
#########.##....##.#####.#
#.#####.##.......#
#.#####.########## #.......#


You could see an orc wizard and 2 orcs.

Vanquished Creatures
  An orc priest (D:2)
  A hound zombie (D:2)
  3 adders (D:2)
  2 giant cockroaches (D:1)
  5 goblins
  5 hobgoblins
  2 quokkas (D:2)
  7 bats
  A frilled lizard (D:2)
  5 kobolds
  3 rats
35 creatures vanquished.

Notes
Turn   | Place    | Note
-------+----------+-------------------------------------------
     0 | D:1      | kae the Demonspawn Monk began the quest for the Orb.
     0 | D:1      | Reached XP level 1. HP: 18/18 MP: 1/1
   233 | D:1      | Reached skill level 3 in Unarmed Combat
   500 | D:1      | Gained mutation: You have large cloven feet. [demonic
                  | ancestry]
   500 | D:1      | Reached XP level 2. HP: 23/24 MP: 2/2
  1130 | D:2      | Gained mutation: You have hoof-like feet. [demonic
                  | ancestry]
  1130 | D:2      | Reached XP level 3. HP: 9/29 MP: 3/3
  1609 | D:2      | Found an ornate altar of the Wu Jian Council.
  1630 | D:2      | Became a worshipper of the Wu Jian Council
  1630 | D:2      | Reached * piety under Wu Jian
  1630 | D:2      | Reached ** piety under Wu Jian
  1941 | D:2      | Found a snail-covered altar of Cheibriados.
  1963 | D:2      | Reached skill level 4 in Unarmed Combat
  1963 | D:2      | Reached XP level 4. HP: 34/37 MP: 4/4
  2200 | D:2      | HP: 1/37 [orc/+0 dagger (5)]
  2201 | D:2      | Slain by an orc

Levels and vault maps discovered:
D:1:      matt_arrival_spirals, layout_loops_corners
D:2:      layout_loops_cross, nicolae_overflow_crystal_walls,
          lemuel_doored_altar, minmay_ruptured
D:3:      kennysheep_six_static_rooms, layout_basic, zin_statuary

Skill      XL: |  1  2  3 |
---------------+----------+-----
Unarmed Combat | 3 4 |  4.2
Fighting       | |  3.9
Dodging        | |  2.6
Stealth        | |  1.7

Action                   |  1- 3 |  4- 6 || total
-------------------------+-------+-------++-------
Melee: Unarmed           |   101 |    33 ||   134
       Kick              |    24 |    13 ||    37
       Punch             |     2 |       ||     2
Invok: Lunge             |     1 |     1 ||     2
  Use: Scroll            |       |     2 ||     2
       Potion            |       |     2 ||     2
 Stab: Sleeping          |     2 |       ||     2
  Eat: Chunk             |     3 |       ||     3
Armor: Robe              |    15 |    11 ||    26
Dodge: Dodged            |    59 |    25 ||    84

Table legend:
 A = Non-vault XP
 B = Vault XP
 C = Vault XP percentage of total XP
 D = Non-vault monster count
 E = Vault monster count
 F = Vault count percentage of total count
                 A         B        C        D         E       F
            +---------+---------+-------+---------+---------+-------
      Total |     143 |       3 |   2.1 |      32 |       3 |   8.6
            +---------+---------+-------+---------+---------+-------
        D:1 |      21 |       0 |   0.0 |      13 |       0 |   0.0
        D:2 |     122 |       3 |   2.4 |      19 |       3 |  13.6
            +---------+---------+-------+---------+---------+-------
